 Dungeon Crawl Stone Soup version 0.18-a0-750-g37044d6 (webtiles) character file.

4580 tof the Thaumaturge (level 10, -4/53 HPs)
             Began as a Deep Elf Conjurer on Dec 12, 2015.
             Was a Believer of Elyvilon.
             Slain by a catoblepas (12 damage)
             ... on level 8 of the Dungeon.
             The game lasted 01:49:03 (10852 turns).

tof the Thaumaturge (Deep Elf Conjurer)            Turns: 10852, Time: 01:49:05

Health: -4/53      AC:  4    Str:  9    XL:     10   Next: 18%
Magic:  6/36       EV:  8    Int: 24    God:    Elyvilon [**....]
Gold:   476        SH:  0    Dex: 15    Spells: 10 memorised, 0 levels left

rFire  . . .     SeeInvis .     Q - staff of earth
rCold  . . .     Clarity  .     a - +1 robe
rNeg   + . .     SustAt   .     (no shield)
rPois  .         Gourm    +     (no helmet)
rElec  .         Spirit   .     s - +0 cloak
rCorr  .         Dismiss  .     (no gloves)
rMut   .         Stasis   .     (no boots)
MR     +....                    e - amulet of the gourmand
Stlth  +++.......               H - ring of positive energy
                                i - ring of magical power

@: petrifying, very slow, somewhat resistant to hostile enchantments, fairly
stealthy
A: claws 1, strong 2
a: Lesser Healing, Heal Other, Divine Protection, Renounce Religion


You were on level 8 of the Dungeon.
You worshipped Elyvilon.
Elyvilon was pleased with you.
You were completely stuffed.

You visited 1 branch of the dungeon, and saw 9 of its levels.
You also visited: Ossuary.

You collected 476 gold pieces.

Inventory:

Hand Weapons
 h - a +0 long sword
 r - a +3 quarterstaff of chaos
 A - a +0 quarterstaff
 P - a +5 dagger
Armour
 a - a +1 robe (worn)
 s - a +0 cloak (worn)
Magical Staves
 Q - an uncursed staff of earth (weapon)
Jewellery
 e - an amulet of the gourmand (around neck)
 i - a ring of magical power (left claw)
 j - an uncursed amulet of clarity
 y - an uncursed ring of protection from magic {unknown}
 E - the ring of Igorch Xeihi {rN+ Dex+2, unknown}
   (You found it on level 7 of the Dungeon)

   [ring of positive energy]

   It affects your dexterity (+2).
   It protects you from negative energy.
 H - a ring of positive energy (right claw)
 J - a cursed +2 ring of protection {unknown}
 K - a +3 ring of strength {unknown}
Wands
 t - a wand of magic darts (26)
 C - a wand of lightning (8)
 F - a wand of flame (0)
 L - a wand of paralysis (19)
Scrolls
 g - 4 scrolls of enchant weapon
 k - 3 scrolls of fog
 n - 4 scrolls of remove curse
 o - 2 scrolls of enchant armour
 q - a scroll of recharging
 I - 2 scrolls of amnesia
 M - 2 scrolls of fear
Potions
 f - 4 potions of brilliance
 p - 3 potions of berserk rage
 u - a potion of flight
 v - a potion of haste
 w - 2 potions of agility
 x - a potion of magic
 z - a potion of lignification
 G - 2 potions of curing
Books
 b - a book of Conjurations

   Spells                             Type                      Level
   a - Magic Dart                     Conjuration                  1
   b - Searing Ray                    Conjuration                  2
   c - Dazzling Spray                 Conjuration/Hexes            3
   d - Fulminant Prism                Conjuration/Hexes            4
   e - Iskenderun's Mystic Blast      Conjuration                  4
   f - Iskenderun's Battlesphere      Conjuration/Charms           5
 m - a book of Debilitation

   Spells                             Type                      Level
   a - Corona                         Hexes                        1
   b - Slow                           Hexes                        2
   c - Gell's Gravitas                Hexes/Translocation          3
   d - Inner Flame                    Hexes/Fire                   3
   e - Cause Fear                     Hexes                        4
   f - Leda's Liquefaction            Hexes/Earth                  4
 B - a book of Transfigurations

   Spells                             Type                      Level
   a - Stoneskin                      Transmutation/Earth          2
   b - Irradiate                      Conjuration/Transmutation    5
   c - Statue Form                    Transmutation/Earth          6
   d - Hydra Form                     Transmutation                6
   e - Dragon Form                    Transmutation                7
 N - a book of Clouds

   Spells                             Type                      Level
   a - Mephitic Cloud                 Conjuration/Poison/Air       3
   b - Conjure Flame                  Conjuration/Fire             3
   c - Poisonous Cloud                Conjuration/Poison/Air       6
   d - Freezing Cloud                 Conjuration/Ice/Air          6
   e - Ring of Flames                 Charms/Fire                  7
Comestibles
 c - 3 bread rations
 l - 3 meat rations
 D - a beef jerky


   Skills:
 + Level 2.0 Fighting
 + Level 0.5 Long Blades
 + Level 6.7 Dodging
 + Level 5.1 Stealth
 + Level 0.5 Unarmed Combat
 + Level 11.6 Spellcasting
 + Level 10.2 Conjurations
 + Level 5.9 Hexes
 + Level 0.8 Charms
 + Level 0.2 Transmutations
 + Level 0.2 Earth Magic
 + Level 0.9 Invocations


You couldn't memorise any spells.
You knew the following spells:

 Your Spells              Type           Power        Failure   Level  Hunger
a - Magic Dart            Conj           ####         1%          1    None
b - Dazzling Spray        Conj/Hex       ######..     1%          3    None
c - Iskenderun's Mystic   Conj           ######..     1%          4    None
d - Searing Ray           Conj           ######       1%          2    None
e - Fulminant Prism       Conj/Hex       ######....   1%          4    None
f - Iskenderun's Battles  Conj/Chrm      #####...     17%         5    ####...
g - Gell's Gravitas       Hex/Tloc       ####......   4%          3    None
h - Cause Fear            Hex            #####.....   4%          4    None
i - Stoneskin             Trmt/Erth      ###.....     8%          2    None
j - Leda's Liquefaction   Hex/Erth       #####.....   17%         4    None


Dungeon Overview and Level Annotations

Branches:
Dungeon (9/15)             Temple (0/1) D:7
   Lair: D:8-11         Orc: D:9-12

Altars:
Cheibriados
Elyvilon
Kikubaaqudgha
Makhleb
Okawaru
Pakellas
Qazlal
Vehumet
Yredelemnul
The Shining One

Annotations:
D:9 cireshan's ghost, novice DECj


Innate Abilities, Weirdness & Mutations

You have sharp fingernails.
Your muscles are very strong. (Str +4)


Message History

The catoblepas closely misses you.
Casting: Cause Fear
Confirm with . or Enter, or press ? or * to list all spells.
The catoblepas easily resists.
The catoblepas breathes a plume of calcifying dust at you.
The blast of calcifying dust hits you!
Casting: Cause Fear
Confirm with . or Enter, or press ? or * to list all spells.
The catoblepas resists with almost no effort.
You are engulfed in calcifying dust.
You are slowing down.
The catoblepas breathes a plume of calcifying dust at you.
The blast of calcifying dust hits you!
Casting: Cause Fear
Confirm with . or Enter, or press ? or * to list all spells.
The catoblepas resists with some effort.
You are engulfed in calcifying dust.
The catoblepas gores you!!
* * * LOW HITPOINT WARNING * * *
The catoblepas gores you!!
You die...

#.............#.....#..
#.............#.....#..
#......##....##....##..
#..<...########....##..
#......##.....'....##..
#.............#....##..
#.....§.......#........
#.....§.......#........
#.....@########........
######....Y##....##........
##...##.....##.....#........
#.................########..
#.................##....##..
#..................+....##..
#...........##....##....####
#....###[[..##....##........
##...###....##.(............


You could see a catoblepas.

Vanquished Creatures
  The ghost of nublet the Firebug, a novice CeFE of Sif Muna (D:7)
  The ghost of Crishpax the Thaumaturge, a novice DEWz of Vehumet (D:8)
  A troll (D:5)
  Grinder (D:3)
  Sigmund (D:2)
  2 hippogriffs (D:7)
  The ghost of tof the Vexing, an amateur DEEn of Sif Muna (D:3)
  4 ogres
  A phantom (D:6)
  A necrophage (D:8)
  2 orc warriors
  2 giant frogs
  A wyvern zombie (D:6)
  4 killer bees (D:7)
  5 crimson imps
  A jelly (D:8)
  8 hounds
  6 orc priests
  A centaur zombie (D:7)
  A human zombie (Ossuary)
  2 iguanas
  6 orc wizards
  Crazy Yiuf (D:3)
  Jessica (D:3)
  2 giant frog skeletons
  6 worker ants
  Natasha (twice) (D:3)
  2 hound skeletons
  4 mummies
  13 adders
  2 adder skeletons (D:4)
  2 worms (D:3)
  6 giant geckos
  27 orcs
  10 giant cockroaches
  6 hobgoblins
  8 kobolds
  3 quokkas
  2 ball pythons
  10 bats
  6 giant newts
  7 goblins
  4 goblin zombies
  5 hobgoblin zombies (Ossuary)
  14 jackals
  2 jackal skeletons (D:6)
  3 kobold zombies (Ossuary)
  An orc zombie (D:4)
  A quokka zombie (Ossuary)
  8 rats
  5 rat zombies (Ossuary)
216 creatures vanquished.

Vanquished Creatures (others)
  A wyvern (D:9)
  A killer bee (D:7)
  An orc wizard (D:9)
  4 gnolls (D:6)
  2 orcs (D:9)
  24 fulminant prisms
33 creatures vanquished.

Grand Total: 249 creatures vanquished

Notes
Turn   | Place    | Note
--------------------------------------------------------------
     0 | D:1      | tof the Deep Elf Conjurer began the quest for the Orb.
     0 | D:1      | Reached XP level 1. HP: 10/10 MP: 6/6
   189 | D:1      | Reached XP level 2. HP: 12/15 MP: 0/8
   540 | D:1      | Reached skill level 5 in Conjurations
   547 | D:1      | Found a stormy altar of Qazlal.
   871 | D:1      | Reached XP level 3. HP: 19/19 MP: 3/9
   968 | D:1      | Learned a level 3 spell: Dazzling Spray
  1630 | D:3      | Noticed Natasha
  1636 | D:3      | Reached XP level 4. HP: 24/24 MP: 10/11
  1796 | D:3      | Killed Natasha
  1874 | D:3      | Noticed tof's ghost (amateur DEEn)
  1885 | D:3      | Killed tof's ghost
  1885 | D:3      | Reached skill level 6 in Conjurations
  1885 | D:3      | Reached XP level 5. HP: 28/28 MP: 8/13
  2380 | D:2      | Noticed Sigmund
  2390 | D:2      | Killed Sigmund
  2390 | D:2      | Reached skill level 5 in Spellcasting
  2390 | D:2      | Reached XP level 6. HP: 18/32 MP: 15/15
  2757 | D:3      | Found a snail-covered altar of Cheibriados.
  2773 | D:3      | Found an ancient bone altar of Kikubaaqudgha.
  2774 | D:3      | Found a glowing golden altar of the Shining One.
  2802 | D:3      | Found a white marble altar of Elyvilon.
  2810 | D:3      | Became a worshipper of Elyvilon the Healer
  2881 | D:3      | Found a radiant altar of Vehumet.
  2977 | D:3      | Noticed Grinder
  2985 | D:3      | Killed Grinder
  2985 | D:3      | Reached skill level 7 in Conjurations
  2985 | D:3      | Reached skill level 1 in Hexes
  2985 | D:3      | Reached XP level 7. HP: 27/36 MP: 11/18
  3063 | D:3      | Learned a level 4 spell: Iskenderun's Mystic Blast
  3066 | D:3      | Learned a level 2 spell: Searing Ray
  3071 | D:3      | Learned a level 4 spell: Fulminant Prism
  3173 | D:3      | Noticed Jessica
  3179 | D:3      | Killed Jessica
  3498 | D:3      | Noticed Natasha
  3499 | D:3      | Killed Natasha
  3512 | D:3      | Noticed Crazy Yiuf
  3517 | D:3      | Killed Crazy Yiuf
  4402 | D:4      | Found a sand-covered staircase.
  4410 | Ossuary  | Entered an ossuary
  4416 | Ossuary  | Reached skill level 1 in Fighting
  4607 | Ossuary  | Reached XP level 8. HP: 43/43 MP: 17/21
  4615 | Ossuary  | Learned a level 5 spell: Iskenderun's Battlesphere
  4616 | Ossuary  | Reached * piety under Elyvilon
  4985 | D:4      | Reached skill level 8 in Conjurations
  5135 | D:4      | Found an iron altar of Okawaru.
  5477 | D:5      | Entered Level 5 of the Dungeon
  5514 | D:5      | Found an oddly glowing altar of Pakellas.
  5651 | D:5      | Reached ** piety under Elyvilon
  5890 | D:5      | Noticed a troll
  5896 | D:5      | Killed a troll
  5896 | D:5      | Reached skill level 5 in Stealth
  6284 | D:6      | Found a basalt altar of Yredelemnul.
  6311 | D:6      | Reached skill level 9 in Spellcasting
  6330 | D:6      | Was placed under penance by Elyvilon
  6525 | D:6      | Was forgiven by Elyvilon
  7136 | D:6      | Reached XP level 9. HP: 47/47 MP: 23/24
  7138 | D:6      | Found a burning altar of Makhleb.
  7876 | D:7      | Reached *** piety under Elyvilon
  7987 | D:7      | Reached skill level 5 in Dodging
  8023 | D:7      | Reached skill level 10 in Spellcasting
  8212 | D:7      | Noticed nublet's ghost (novice CeFE)
  8225 | D:7      | HP: 1/47 [nublet's ghost/flame tongue (23)]
  8235 | D:7      | Killed nublet's ghost
  8368 | D:7      | Learned a level 3 spell: Gell's Gravitas
  8373 | D:7      | Learned a level 4 spell: Cause Fear
  8401 | D:7      | Found a staircase to the Ecumenical Temple.
  8461 | D:7      | Got a scorched wooden ring
  8924 | D:7      | Reached skill level 5 in Hexes
  9180 | D:7      | Gained mutation: Your muscles are strong. (Str +2) [potion of mutation]
  9180 | D:7      | Gained mutation: Your muscles are very strong. (Str +4) [potion of mutation]
  9180 | D:7      | Gained mutation: You have sharp fingernails. [potion of mutation]
  9240 | D:8      | Reached skill level 11 in Spellcasting
  9247 | D:8      | Was placed under penance by Elyvilon
  9546 | D:8      | Noticed Crishpax's ghost (novice DEWz)
  9561 | D:8      | Killed Crishpax's ghost
  9561 | D:8      | Reached skill level 10 in Conjurations
  9561 | D:8      | Reached XP level 10. HP: 53/53 MP: 25/27
  9648 | D:8      | Identified a scroll of acquirement
  9716 | D:8      | Learned a level 2 spell: Stoneskin
  9948 | D:8      | Learned a level 4 spell: Leda's Liquefaction
 10360 | D:9      | Was forgiven by Elyvilon
 10433 | D:9      | Noticed cireshan's ghost (novice DECj)
 10502 | D:8      | Noticed a catoblepas
 10852 | D:8      | Slain by a catoblepas

Vault maps used:
D:1:      dpeg_arrival_water_altar, serial_corexii_hall,
          corexii_hall_statues_deadend, corexii_hall_statues_i
D:2:      uniq_sigmund
D:3:      minmay_overflow_temple_star_hex, uniq_crazy_yiuf_cottage,
          uniq_grinder, uniq_jessica, uniq_natasha
D:4:      lemuel_round_altar, nicolae_ossuary_entry_giza
D:5:      kennysheep_big_flooded_room, johnstein_pakellas_death_squad,
          first_bread
D:6:      makhleb_heckhound_becter, basic_altar
D:7:      minmay_temple_entry_nine_rooms, kennysheep_small_square
D:9:      lemuel_bear_cage
Ossuary:  ossuary_minmay_chase

Action                   |  1- 3 |  4- 6 |  7- 9 | 10-12 || total
-------------------------+-------+-------+-------+-------++-------
Melee: Unarmed           |    11 |       |       |       ||    11
       Long sword        |       |     3 |    16 |       ||    19
 Cast: Magic Dart        |    71 |    69 |   266 |    29 ||   435
       Dazzling Spray    |     4 |     5 |    27 |     3 ||    39
       Searing Ray       |       |       |    44 |     3 ||    47
       Iskenderun's Myst |       |       |     7 |     3 ||    10
       Fulminant Prism   |       |       |    19 |     5 ||    24
       Cause Fear        |       |       |     3 |     5 ||     8
       Gell's Gravitas   |       |       |     3 |       ||     3
       Iskenderun's Batt |       |       |     1 |     1 ||     2
       Leda's Liquefacti |       |       |       |     3 ||     3
       Stoneskin         |       |       |       |     2 ||     2
Invok: Divine Protection |       |       |     5 |     1 ||     6
       Lesser Healing    |       |       |     6 |       ||     6
  Use: Scroll            |     7 |     1 |    11 |     3 ||    22
       Potion            |     4 |     3 |     7 |       ||    14
 Stab: Sleeping          |       |       |     1 |       ||     1
       Invisible         |       |       |     1 |       ||     1
  Eat: Chunk             |     3 |     1 |    18 |     4 ||    26
       Royal jelly       |       |     1 |       |       ||     1
       Bread ration      |       |     1 |     1 |       ||     2
       Fruit             |       |       |     3 |       ||     3
       Pizza             |       |       |     1 |       ||     1
       Beef jerky        |       |       |     1 |       ||     1
